 Dungeon Crawl Stone Soup version 0.29-a0-911-g88e6f02907 (webtiles) character file.

Game seed: 14587336203463916803

659449 inmateoo the Axe Maniac (level 27, 0/264 HPs)
             Began as a Minotaur Fighter on July 24, 2022.
             Was the Champion of Okawaru.
             Killed from afar by a black draconian (8 damage)
             ... with a bolt of lightning
             ... led by a yellow draconian annihilator
             ... on level 4 of the Realm of Zot on July 26, 2022.
             The game lasted 01:20:21 (58853 turns).

inmateoo the Axe Maniac (Minotaur Fighter)         Turns: 58853, Time: 01:20:21

Health: 0/264      AC: 44    Str: 32    XL:     27
Magic:  36/36      EV: 20    Int: 15    God:    Okawaru [******]
Gold:   5303       SH: 19    Dex: 18    Spells: 26/26 levels left

rFire   + + +      SeeInvis +   N - +8 mithril axe "Arga" {speed, Will+}
rCold   + . .      Faith    .   k - +1 kite shield of the Battered Visions {Contam rElec SInv}
rNeg    + + .      Spirit   .   c - +5 gold dragon scales
rPois   +          Reflect  .   J - +0 hat "Duklerew" {Int+4 SInv}
rElec   +          Harm     .   b - +2 cloak {rCorr}
rCorr   +          Rampage  .   G - +2 pair of gloves {Str+3}
Will    +++++                   M - +2 pair of boots of Unambiguity {+Inv rPois Regen+}
Stlth   ..........              x - macabre finger necklace {rN+}
HPRegen 1.34/turn               R - ring "Puamoy" {rElec rN+ Will+}
MPRegen 0.25/turn               e - ring "Ubobopn" {Will+ Str+4 Slay+4}
                                m - ring of Haso {rF++ Will+ Str-2 Int+6 SInv}

@: studying Throwing
A: horns 2, retaliatory headbutt, no potion heal 1, MP-powered wands
}: 4/15 runes: decaying, slimy, silver, gossamer
a: Renounce Religion, Evoke Invisibility, Heroism, Finesse, Duel


You were on level 4 of the Realm of Zot.
You worshipped Okawaru.
Okawaru was exalted by your worship.
You visited 11 branches of the dungeon, and saw 54 of its levels.
You also visited: Trove, Bailey and Gauntlet.

You collected 9612 gold pieces.
You spent 4309 gold pieces at shops.

Inventory:

Hand Weapons
 N - the +8 mithril axe "Arga" (weapon) {speed, Will+}
   (Okawaru gifted it to you on level 1 of the Elven Halls)

   Attacks with this weapon are significantly faster.
   Will:      It increases your willpower.
 P - a +9 broad axe of electrocution
Missiles
 L - a throwing net (quivered)
Armour
 b - a +2 cloak of preservation (worn)
 c - +5 gold dragon scales (worn)
 k - the +1 kite shield of the Battered Visions (worn) {Contam rElec SInv}
   (Okawaru gifted it to you on level 2 of the Swamp)

   rElec:     It insulates you from electricity.
   SInv:      It lets you see invisible.
   Contam:    It causes magical contamination when unequipped.
 G - a +2 pair of gloves of strength (worn)
 J - the +0 hat "Duklerew" (worn) {Int+4 SInv}
   (Okawaru gifted it to you on level 3 of the Vaults)

   Int:       It affects your intelligence (+4).
   SInv:      It lets you see invisible.
 M - the +2 pair of boots of Unambiguity (worn) {+Inv rPois Regen+}
   (Okawaru gifted it to you on level 3 of the Vaults)

   rPois:     It protects you from poison.
   +Inv:      It lets you turn invisible.
   Regen:     It increases your rate of health regeneration.
Jewellery
 e - the ring "Ubobopn" (right hand) {Will+ Str+4 Slay+4}
   (You acquired it on level 2 of the Elven Halls)

   [ring of slaying]

   Str:       It affects your strength (+4).
   Slay:      It affects your accuracy & damage with ranged weapons and melee
   (+4).
   Will:      It increases your willpower.
 g - the ring of Xom's Capriciousness {Contam rElec rPois rC+++ Int+6}
   (You bought it in a shop on level 4 of the Depths)

   [ring of intelligence]

   Int:       It affects your intelligence (+6).
   rC:        It renders you almost immune to cold.
   rElec:     It insulates you from electricity.
   rPois:     It protects you from poison.
   Contam:    It causes magical contamination when unequipped.
 m - the ring of Haso (on amulet) {rF++ Will+ Str-2 Int+6 SInv}
   (You found it on level 2 of the Realm of Zot)

   [ring of intelligence]

   Str:       It affects your strength (-2).
   Int:       It affects your intelligence (+6).
   rF:        It greatly protects you from fire.
   SInv:      It lets you see invisible.
   Will:      It increases your willpower.
 x - the macabre finger necklace (around neck) {rN+}
   (You found it on level 5 of the Vaults)

   [amulet of nothing]

   It enables you to equip an extra ring.
   rN:        It protects you from negative energy.
 A - the ring "Wounn" {rF+ rN+ SInv}
   (You found it on level 3 of the Elven Halls)

   [ring of protection from fire]

   rF:        It protects you from fire.
   rN:        It protects you from negative energy.
   SInv:      It lets you see invisible.
 O - an amulet of regeneration
 R - the ring "Puamoy" (left hand) {rElec rN+ Will+}
   (You found it on level 3 of the Crypt)

   [ring of positive energy]

   rElec:     It insulates you from electricity.
   rN:        It protects you from negative energy.
   Will:      It increases your willpower.
Wands
 n - a wand of digging (17)
 o - a wand of mindburst (46)
 r - a wand of light (19)
 s - a wand of flame (134)
 y - a wand of iceblast (63)
 Q - a wand of polymorph (14)
Scrolls
 p - 4 scrolls of silence
 q - a scroll of enchant armour
 u - 13 scrolls of fear
 v - 22 scrolls of teleportation
 z - 2 scrolls of blinking
 B - 6 scrolls of brand weapon
 D - 5 scrolls of magic mapping
 H - 2 scrolls of amnesia
 I - 11 scrolls of enchant weapon
 U - 5 scrolls of poison
Potions
 a - 3 potions of cancellation
 d - 5 potions of might
 f - 35 potions of curing
 h - 10 potions of invisibility
 i - 10 potions of heal wounds
 j - 13 potions of flight
 l - 18 potions of brilliance
 t - 6 potions of berserk rage
 w - 4 potions of magic
 C - 4 potions of resistance
 E - 7 potions of ambrosia
 K - 10 potions of haste
Miscellaneous
 T - a condenser vane (inert)


   Skills:
 + Level 24.8 Fighting
 O Level 27 Axes
 + Level 26.9 Armour
 + Level 24.2 Dodging
 + Level 26.5 Shields
 + Level 20.7 Invocations


You had 26 spell levels left.
You didn't know any spells.
Your spell library contained the following spells:

 Spells                   Type           Power      Damage    Failure   Level
 Apportation              Tloc           0%         N/A       78%         1
 Beastly Appendage        Tmut           0%         N/A       78%         1
 Foxfire                  Conj/Fire      0%         2x1d4     78%         1
 Magic Dart               Conj           0%         1d3       78%         1
 Necrotise                Necr           0%         1d4       78%         1
 Shock                    Conj/Air       0%         1d3       78%         1
 Blink                    Tloc           0%         N/A       89%         2
 Ensorcelled Hibernation  Hex/Ice        0%         N/A       89%         2
 Passwall                 Tmut/Erth      0%         N/A       89%         2
 Poisonous Vapours        Pois/Air       0%         N/A       89%         2
 Sublimation of Blood     Necr           0%         N/A       89%         2
 Wereblood                Tmut           0%         N/A       89%         2
 Confusing Touch          Hex            0%         N/A       98%         3
 Conjure Flame            Conj/Fire      0%         6-21      98%         3
 Dazzling Flash           Conj/Hex       0%         N/A       98%         3
 Frozen Ramparts          Ice            0%         1d2       98%         3
 Gell's Gravitas          Tloc           0%         N/A       98%         3
 Ignite Poison            Fire/Tmut/Pois 0%         N/A       98%         3
 Inner Flame              Hex/Fire       0%         N/A       98%         3
 Lesser Beckoning         Tloc           0%         N/A       98%         3
 Mephitic Cloud           Conj/Pois/Air  0%         N/A       98%         3
 Ozocubu's Armour         Ice            0%         N/A       98%         3
 Portal Projectile        Hex/Tloc       0%         N/A       98%         3
 Spider Form              Tmut/Pois      0%         N/A       98%         3
 Swiftness                Air            0%         N/A       98%         3
 Teleport Other           Tloc           0%         N/A       98%         3
 Vampiric Draining        Necr           0%         2d6       98%         3
 Airstrike                Air            0%         0-1+      100%        4
 Anguish                  Hex/Necr       0%         N/A       100%        4
 Cause Fear               Hex            0%         N/A       100%        4
 Corpse Rot               Necr/Pois/Air  0%         N/A       100%        4
 Flame Wave               Conj/Fire      0%         2d4       100%        4
 Iskenderun's Mystic Bla  Conj/Tloc      0%         2d3       100%        4
 Leda's Liquefaction      Hex/Erth       0%         N/A       100%        4
 Olgreb's Toxic Radiance  Pois           0%         N/A       100%        4
 Passage of Golubria      Tloc           0%         N/A       100%        4
 Petrify                  Tmut/Erth      0%         N/A       100%        4
 Sticky Flame             Conj/Fire      0%         2d3       100%        4
 Agony                    Necr           0%         N/A       100%        5
 Alistair's Intoxication  Tmut/Pois      0%         N/A       100%        5
 Blade Hands              Tmut           0%         N/A       100%        5
 Borgnjor's Vile Clutch   Necr/Erth      0%         N/A       100%        5
 Fireball                 Conj/Fire      0%         3d3       100%        5
 Freezing Cloud           Conj/Ice/Air   0%         6-21      100%        5
 Irradiate                Conj/Tmut      0%         3d11      100%        5
 Iskenderun's Battlesphe  Conj           0%         2d6       100%        5
 Lee's Rapid Deconstruct  Erth           0%         3d5*      100%        5
 Manifold Assault         Tloc           0%         N/A       100%        5
 Metabolic Englaciation   Hex/Ice        0%         N/A       100%        5
 Silence                  Hex/Air        0%         N/A       100%        5
 Yara's Violent Unravell  Hex/Tmut       0%         3d3       100%        5
 Conjure Ball Lightning   Conj/Air       0%         3x3d6     100%        6
 Dispersal                Tloc           0%         N/A       100%        6
 Eringya's Noxious Bog    Tmut/Pois      0%         N/A       100%        6
 Iron Shot                Conj/Erth      0%         9d1       100%        6
 Starburst                Conj/Fire      0%         6d3       100%        6
 Statue Form              Tmut/Erth      0%         N/A       100%        6
 Enfeeble                 Hex            0%         N/A       100%        7
 Orb of Destruction       Conj           0%         9d5       100%        7
 Ozocubu's Refrigeration  Ice            0%         4d5       100%        7
 Storm Form               Tmut/Air       0%         N/A       100%        7
 Discord                  Hex            0%         N/A       100%        8
 Disjunction              Tloc           0%         N/A       100%        8
 Ignition                 Fire           0%         3d3       100%        8
 Lehudib's Crystal Spear  Conj/Erth      0%         10d2      100%        8
 Maxwell's Capacitive Co  Air            0%         ∞         100%        8
 Chain Lightning          Conj/Air       0%         N/A       100%        9
 Death's Door             Necr           0%         N/A       100%        9
 Fire Storm               Conj/Fire      0%         5d1       100%        9
 Polar Vortex             Ice            0%         N/A       100%        9
 Shatter                  Erth           0%         3d5*      100%        9
 Summon Small Mammal      Summ           Unusable   N/A       N/A         1
 Call Imp                 Summ           Unusable   N/A       N/A         2
 Call Canine Familiar     Summ           Unusable   N/A       N/A         3
 Summon Guardian Golem    Hex/Summ       Unusable   N/A       N/A         3
 Tukima's Dance           Hex            Unusable   N/A       N/A         3
 Animate Armour           Summ/Erth      Unusable   N/A       N/A         4
 Animate Dead             Necr           Unusable   N/A       N/A         4
 Summon Lightning Spire   Summ/Air       Unusable   N/A       N/A         4
 Summon Forest            Summ/Tloc      Unusable   N/A       N/A         5
 Death Channel            Necr           Unusable   N/A       N/A         6
 Simulacrum               Ice/Necr       Unusable   N/A       N/A         6
 Spellforged Servitor     Conj/Summ      Unusable   N/A       N/A         7
 Summon Hydra             Summ           Unusable   N/A       N/A         7

Dungeon Overview and Level Annotations

Branches:
Dungeon (15/15)            Temple (0/1) D:7            Lair (5/5) D:9
  Swamp (4/4) Lair:3       Spider (4/4) Lair:3        Slime (5/5) Lair:5
    Orc (2/2) D:12            Elf (3/3) Orc:2        Vaults (5/5) D:14
  Crypt (3/3) Vaults:2       Tomb (0/3) Crypt:3      Depths (4/4) D:15
    Zot (4/5) Depths:4     Bailey (visited)         Gauntlet (visited)

Altars:
Ashenzari
Dithmenos
Elyvilon
Fedhas
Gozag
Kikubaaqudgha
Makhleb
Okawaru
Sif Muna
Vehumet
Yredelemnul
Zin
The Shining One
Jiyva
Lugonu

Shops:
Orc:2 *?[:   Elf:1 [   Depths:1 :   Depths:3 =[=   Depths:4 =:=

Portals:
Hell: Depths:1 Depths:2 Depths:3 Depths:4
Abyss: Lair:5 Depths:3
Pandemonium: Orc:2 Depths:2 Depths:4
Ziggurat: Depths:2

Annotations:
D:5 3 runed translucent doors, yokelz's ghost, novice DrTm


Innate Abilities, Weirdness & Mutations

You have a pair of horns on your head.
You reflexively headbutt those who attack you in melee.
Potions are less effective at restoring your health.
You expend magic power (3 MP) to strengthen your wands.


Message History

Okay, then.
Your system partially rejects the healing.
You feel much better.
The red draconian hits you with a +0 dire flail.
* * * LOW HITPOINT WARNING * * *
A white draconian comes into view. It is wielding a +0 short sword.
The yellow draconian annihilator spits acid at you.
The glob of acid hits you but does no damage.
The purple draconian hits you but does no damage.
Your system partially rejects the healing.
You feel much better.
The white draconian roars!
The red draconian hits you with a +0 dire flail!
* * * LOW HITPOINT WARNING * * *
The yellow draconian annihilator casts a spell.
The yellow draconian annihilator blinks!
The purple draconian shifter breathes dispelling energy at you.
The bolt of dispelling energy hits you!!
You feel strangely stable.
* * * LOW HITPOINT WARNING * * *
The yellow draconian annihilator spits acid at you.
The glob of acid hits you but does no damage.
The purple draconian breathes dispelling energy at you.
The bolt of dispelling energy hits you!!
* * * LOW HITPOINT WARNING * * *
Unknown command.
Blink to where?
Press: ? - help, Dir - move target, p - red draconian A purple draconian shifter comes into view.
It is wielding a +0 long sword.
Found a scale mail.
As you read the scroll of blinking, it crumbles to dust.
The purple draconian shifter roars! x2; The green draconian roars!
The green draconian breathes poison at you.
The blast of poison engulfs you but does no damage.
You resist.
The yellow draconian annihilator mumbles some strange words.
The yellow draconian annihilator blinks!
The black draconian breathes lightning at you.
The bolt of lightning hits you! You resist.
You die...

***,*,,* *,,,*** *,,,**,*
*#....## ,,**,,,* #.[...#
,*****,* #.....# ,* *,* ##.....*
** *,*####......*
*,,......§☼.#*##### *
#####q...§☼☼# #...######### **
#.........§@###q...#......## ,**
#.....d.(##§§.#d..........##
,.####........>§§dd##...........#
,...d...q.q..d..dq..q............
,........†....dq.qd##†...####(..#
,...q..q○).#..qdD#####.....##...#
,......)y..#...Ddq°# #.....######
*#.......#####..§d.# ###...# #..
#.......# ###...#***##### #..


You could see a shadow dragon, a green draconian monk, a black draconian knight,
a storm dragon, 3 draconians, 2 draconians, a purple draconian (catching
breath), a red draconian, 2 draconians, 3 draconians and 2 draconians.

Vanquished Creatures
  the Royal Jelly (Slime:5)
  A dread lich (Depths:2)
  3 ancient liches
  The ghost of Rarotz the Sorcerer, a legendary DjCj of Ashenzari (Zot:2)
  The ghost of Meskin the Sorcerer, a legendary DjCj of Ashenzari (Zot:2)
  A juggernaut (Depths:1)
  The ghost of Kaphap the Slayer, a legendary GrBe of Trog (Zot:2)
  Bai Suzhen (D:15)
  the Lernaean hydra (Swamp:4)
  Vv (Crypt:2)
  Saint Roka (Vaults:5)
  3 curse toes
  7 caustic shrikes
  Xtahua (Arena)
  9 golden dragons
  Nikola (D:15)
  the Enchantress (D:15)
  4 bone dragons
  A Tzitzimitl (Crypt:1)
  2 electric golems
  2 doom hounds
  Arachne (Spider:2)
  Jorgrun (D:14)
  15 tentacled monstrosities
  Rupert (Lair:5)
  6 liches
  A shard shrike skeleton (Crypt:2)
  Asterion (Depths:1)
  3 titans
  4 deep elf master archers (Elf:3)
  Grunn (Crypt:1)
  3 deep elf blademasters
  A walking frostbound tome (Depths:4)
  13 acid blobs
  4 ancient champions
  3 death cobs
  6 quicksilver dragons
  Kirke (Swamp:1)
  9 storm dragons
  Frances (Spider:1)
  11 tengu reavers
  4 sphinxes
  14 shadow dragons
  A storm dragon (shapeshifter) (Vaults:5)
  A thorn hunter (Swamp:4)
  4 fenstrider witches
  4 revenants
  Roxanne (Spider:1)
  Donald (Vaults:4)
  5 deep elf sorcerers
  6 rockslimes
  20 vault wardens
  7 draconian monks
  17 azure jellies
  2 iron dragons
  9 fire giants
  11 frost giants
  8 emperor scorpions
  3 draconian knights
  4 ghost moths
  A spectral caustic shrike (Crypt:3)
  4 orc warlords
  2 reapers
  Aizul (Vaults:1)
  5 draconian shifters
  3 curse skulls
  3 draconian stormcallers
  4 draconian scorchers
  15 ironbound preservers
  The ghost of Aviak the Fighter, a journeyman FoFi of Okawaru (Lair:4)
  5 war gargoyles (Vaults:5)
  8 ironbound thunderhulks
  3 broodmothers
  The ghost of Vorhees the Thaumaturge, a journeyman DgEE (Orc:2)
  6 ghouls
  A draconian annihilator (Zot:1)
  5 spriggan defenders
  12 quicksilver oozes
  4 deep elf elementalists (Elf:3)
  21 stone giants
  32 very ugly things
  7 green draconians
  9 deep elf demonologists
  2 putrid mouths
  Nessos (D:14)
  9 eleionomae
  A lorocyproca (Depths:4)
  8 vampire knights
  12 purple draconians
  A minotaur (Gauntlet)
  8 dire elephants
  5 entropy weavers
  8 deep elf annihilators
  11 white draconians
  8 yellow draconians
  6 bunyips
  15 black draconians
  10 red draconians
  6 spark wasps
  An entropy weaver (shapeshifter) (Vaults:5)
  16 eidola
  5 spectral quicksilver dragons (Crypt:3)
  Josephine (D:14)
  6 fire dragons
  9 deep elf death magi
  7 deep elf high priests
  17 ettins
  2 shambling mangroves
  15 yaktaur captains
  7 jiangshi
  37 vault guards
  2 spectral spriggans (Crypt:3)
  19 great orbs of eyes
  Fannar (Lair:2)
  2 rakshasas (Depths:1)
  8 ironbound frosthearts
  10 ice dragons
  7 spriggan air magi
  6 boulder beetles
  A caustic shrike simulacrum (Crypt:3)
  2 ghost crabs (Swamp:2)
  18 hydras
  2 demonspawn (Orc:2)
  2 jorogumos
  3 ogre magi
  A catoblepas (Lair:5)
  4 death knights
  24 centaur warriors
  28 dancing weapons
  A spriggan skeleton (Depths:2)
  11 alligators
  Erica (D:8)
  12 two-headed ogres
  A death scarab (Gauntlet)
  14 deep troll earth magi
  11 death yaks
  A radroach (Spider:1)
  12 deep troll shamans
  9 tengu warriors
  9 orc high priests
  A quicksilver ooze zombie (Crypt:3)
  11 vampire magi
  2 thrashing horrors (Lair:5)
  10 spriggan berserkers
  3 soul eaters
  18 deep elf knights
  4 spectral storm dragons (Crypt:3)
  5 hell knights
  Amaemon (Lair:2)
  8 shadow wraiths
  9 iron trolls
  A goliath frog (shapeshifter) (Depths:1)
  A sixfirhy (Orc:2)
  A salamander mystic (Depths:1)
  2 sun moths
  2 death drakes
  46 skeletal warriors
  A spectral death yak (Gauntlet)
  4 goliath frogs
  A spark wasp zombie (Depths:1)
  A spectral anaconda (Crypt:3)
  2 pharaoh ants
  6 steelbarb worms
  13 flayed ghosts
  19 ironbound convokers
  23 bog bodies
  8 swamp dragons
  A quicksilver dragon simulacrum (Crypt:3)
  An iron giant zombie (Crypt:2)
  4 spriggan druids
  A harpy (shapeshifter) (D:9)
  8 glowing orange brains
  6 spectral wolf spiders (Spider:1)
  A death drake (shapeshifter) (Depths:2)
  2 spectral hydras (Swamp:2)
  11 wizards
  49 deep trolls
  30 deep elf pyromancers
  11 orb spiders
  7 lindwurms (Vaults:3)
  15 phantasmal warriors
  7 deep elf archers
  25 orc knights
  A tengu zombie (Depths:1)
  7 harpies
  A tengu skeleton (Depths:1)
  2 spectral ettins (Crypt:3)
  22 wolf spiders
  38 deep elf zephyrmancers
  3 wolf spider zombies (Spider:1)
  3 goliath frog zombies (Swamp:2)
  A frost giant zombie (D:15)
  6 shining eyes
  13 orc sorcerers
  36 ugly things
  A sphinx skeleton (Depths:2)
  10 necromancers
  A fire giant zombie (Depths:1)
  15 oklob plants
  6 cyclopes
  4 will-o-the-wisps
  2 salamanders (Depths:1)
  A stone giant skeleton (Crypt:3)
  12 elephants
  26 moths of wrath
  A rust devil (Depths:4)
  2 smoke demons
  A frost giant skeleton (Depths:1)
  9 black mambas
  3 spectral centaurs (Crypt:3)
  16 vault sentinels
  6 torpor snails
  An eye of devastation (Slime:1)
  3 orange demons
  2 cane toads (shapeshifter)
  10 cane toads
  A centaur skeleton (Crypt:2)
  A green draconian zombie (Crypt:1)
  2 kobold demonologists
  A purple draconian zombie (Crypt:3)
  3 demonic crawlers
  A gargoyle (D:12)
  36 yaktaurs
  An unseen horror zombie (Crypt:2)
  9 komodo dragons
  3 ice devils
  5 swamp worm zombies (Swamp:2)
  2 unseen horrors
  21 freezing wraiths
  6 rime drakes
  2 efreet
  7 guardian mummies
  3 ancient zymes (Lair:5)
  A spectral harpy (Crypt:3)
  3 tormentors
  A mana viper zombie (Crypt:2)
  A hellwing (Depths:4)
  6 tengu conjurers
  A spectral deep troll (Crypt:3)
  A spectral two-headed ogre (Crypt:3)
  7 trolls
  10 tyrant leeches
  A green draconian skeleton (Crypt:3)
  A polar bear (shapeshifter) (Elf:3)
  2 wolf spider simulacra (Spider:1)
  A wind drake (shapeshifter) (Elf:1)
  A moth of wrath zombie (Crypt:1)
  A shadow dragon simulacrum (Crypt:3)
  A hydra skeleton (Crypt:2)
  21 tarantellas
  A raiju (shapeshifter) (D:13)
  14 hornets
  28 blink frogs
  95 slime creatures
  A harpy skeleton (Crypt:2)
  A tarantella (shapeshifter) (D:14)
  4 spectral swamp dragons (Swamp:2)
  An ettin zombie (D:15)
  6 dream sheep (Lair:4)
  4 spriggan zombies
  A dream sheep (shapeshifter) (Vaults:5)
  4 alligator zombies (Swamp:2)
  31 jumping spiders
  15 spriggans
  5 ynoxinuls
  14 culicivoras
  A fire dragon skeleton (Crypt:1)
  A jumping spider (shapeshifter) (Depths:1)
  4 air elementals
  A tyrant leech zombie (Swamp:2)
  4 wyverns
  6 shadows
  A vampire (D:11)
  3 large abominations
  4 hogs (Swamp:1)
  20 wraiths
  A human (Swamp:2)
  3 water elementals
  7 basilisks
  3 fire elementals
  51 yaks
  4 chaos spawn
  47 redbacks
  9 vampire mosquitoes
  3 steam dragons
  10 wargs
  Edmund (D:4)
  A harpy simulacrum (Crypt:3)
  19 swamp worms
  A glowing shapeshifter zombie (Depths:2)
  2 acid dragons
  A demonspawn zombie (Crypt:3)
  A naga (shapeshifter) (Depths:4)
  16 water moccasins
  A floating eye (Depths:2)
  3 glowing shapeshifter skeletons
  10 swamp drakes
  52 orc warriors
  A sky beast (D:6)
  2 ice beasts (D:5)
  8 black bears
  6 ogres
  16 wolves
  15 centaurs
  A manticore skeleton (Crypt:1)
  A centaur (shapeshifter) (Vaults:5)
  3 phantoms
  8 kobold brigands
  2 earth elementals
  A rime drake skeleton (Crypt:2)
  8 scorpions
  4 gnoll sergeants
  10 bullfrogs
  3 necrophages (Crypt:2)
  12 small abominations (Lair:5)
  15 wights
  A troll zombie (Swamp:2)
  15 killer bees
  An electric eel (Lair:3)
  3 howler monkeys
  2 jellies
  4 hounds
  2 human zombies (Crypt:1)
  29 orc priests
  3 iron imps (Gauntlet)
  Jessica (D:3)
  2 hell rats
  3 iguanas
  22 orc wizards
  A boggart zombie (Crypt:1)
  2 black bear skeletons
  2 naga zombies (Crypt:2)
  An ice beast zombie (Crypt:1)
  13 mummies
  A howler monkey zombie (Crypt:3)
  31 gnolls
  9 adders
  9 river rats
  A steam dragon skeleton (Crypt:2)
  3 white imps (Gauntlet)
  An ufetubus (D:6)
  A worm zombie (Crypt:3)
  A jelly zombie (Crypt:2)
  An adder skeleton (Crypt:1)
  5 worms
  2 dart slugs (D:1)
  113 orcs
  9 endoplasms
  17 giant cockroaches
  5 goblins
  11 hobgoblins
  4 jackals (D:1)
  26 kobolds
  4 quokkas
  6 ball pythons
  5 bats
  An endoplasm zombie (Crypt:2)
  A frilled lizard (D:3)
  A goblin zombie (Crypt:1)
  18 rats
  A river rat skeleton (Crypt:1)
  A river rat zombie (Crypt:2)
  7 briar patches (Swamp:4)
  5 bushes
  9 fire vortices (Zot:2)
  A fungus (Zot:2)
  A plant (Zot:2)
2722 creatures vanquished.

Vanquished Creatures (others)
  A quicksilver dragon (Zot:2)
  Louise (Swamp:2)
  A caustic shrike skeleton (Depths:1)
  An ettin (Depths:1)
  A spriggan air mage (Depths:1)
  A deep elf knight (Elf:1)
  A goliath frog (Swamp:1)
  3 deep elf pyromancers
  2 deep elf zephyrmancers (Elf:1)
  A bloated husk (Swamp:1)
  A warg (Vaults:5)
  An orc warrior (Vaults:5)
  6 orcs
  2 bushes (Zot:2)
  31 demonic plants (Gauntlet)
  14 foxfires
  47 fungi
  41 plants
  10 withered plants
166 creatures vanquished.

Grand Total: 2888 creatures vanquished

Notes
Turn   | Place    | Note
-------+----------+-------------------------------------------
     0 | D:1      | inmateoo the Minotaur Fighter began the quest for the Orb.
     0 | D:1      | Reached XP level 1. HP: 19/19 MP: 0/0
    84 | D:1      | Reached XP level 2. HP: 27/27 MP: 1/1
   130 | D:1      | Reached skill level 3 in Axes
   276 | D:1      | Reached skill level 1 in Dodging
   449 | D:1      | Reached XP level 3. HP: 31/33 MP: 2/2
   642 | D:1      | Found a faded altar of an unknown god.
  1726 | D:3      | Noticed Jessica
  1754 | D:3      | Reached XP level 4. HP: 39/40 MP: 3/3
  1765 | D:3      | Killed Jessica
  2001 | D:3      | Reached skill level 4 in Axes
  2080 | D:3      | Noticed a centaur
  2098 | D:3      | Killed a centaur
  2099 | D:3      | Reached XP level 5. HP: 16/47 MP: 4/4
  2615 | D:3      | Found a broken altar of Ashenzari.
  2615 | D:3      | Found an ancient bone altar of Kikubaaqudgha.
  2817 | D:4      | Reached XP level 6. HP: 52/53 MP: 5/5
  2870 | D:4      | Reached skill level 5 in Axes
  2884 | D:4      | Reached skill level 5 in Armour
  2884 | D:4      | Reached skill level 5 in Shields
  2934 | D:4      | Reached skill level 5 in Fighting
  2934 | D:4      | Reached XP level 7. HP: 57/61 MP: 6/6
  3042 | D:4      | Reached skill level 6 in Axes
  3079 | D:4      | Noticed Edmund
  3091 | D:4      | Killed Edmund
  3615 | D:5      | Entered Level 5 of the Dungeon
  3724 | D:5      | Reached XP level 8. HP: 69/70 MP: 7/7
  3747 | D:5      | Reached skill level 7 in Axes
  3808 | D:5      | Found an iron altar of Okawaru.
  3843 | D:5      | Became a worshipper of Warmaster Okawaru
  3865 | D:5      | Identified the +7 leather armour "Udiuc" {Rampage +Blink}
  3977 | D:5      | Found a runed translucent gate.
  3977 | D:5      | Found a runed translucent gate.
  3977 | D:5      | Found a runed translucent gate.
  3978 | D:5      | Found an opulent altar of Gozag.
  3979 | D:5      | Noticed yokelz's ghost (novice DrTm)
  4295 | D:5      | Found a shadowy altar of Dithmenos.
  4349 | D:6      | Reached skill level 1 in Invocations
  4568 | D:6      | Reached skill level 8 in Axes
  5085 | D:6      | Found a glowing golden altar of the Shining One.
  5085 | D:6      | Found a white marble altar of Elyvilon.
  5085 | D:6      | Found a blossoming altar of Fedhas.
  5381 | D:7      | Reached * piety under Okawaru
  5389 | D:7      | Reached XP level 9. HP: 40/78 MP: 5/9
  5656 | D:7      | Noticed a kobold demonologist
  5668 | D:7      | Killed a kobold demonologist
  5669 | D:7      | Reached skill level 5 in Dodging
  5787 | D:7      | Found a staircase to the Ecumenical Temple.
  5800 | D:7      | Reached ** piety under Okawaru
  5804 | D:7      | Reached skill level 9 in Axes
  6717 | D:8      | Noticed Erica
  6745 | D:8      | Killed Erica
  6745 | D:8      | Reached *** piety under Okawaru
  6746 | D:8      | Reached skill level 10 in Axes
  6746 | D:8      | Reached XP level 10. HP: 33/88 MP: 6/11
  7358 | D:9      | Noticed a death yak
  7358 | D:9      | Found a staircase to the Lair.
  7359 | D:9      | Noticed a death yak
  7359 | D:9      | Noticed a death yak
  7387 | D:8      | HP: 5/132 [death yak (9)]
  7389 | D:8      | Killed a death yak
  7752 | D:8      | Killed a death yak
  7752 | D:8      | Reached **** piety under Okawaru
  7756 | D:8      | Killed a death yak
  7835 | D:9      | Reached skill level 11 in Axes
  7873 | D:9      | Noticed a harpy
  7873 | D:9      | a meliai changed into a harpy
  7878 | D:9      | Killed a harpy
  8221 | D:9      | Reached skill level 5 in Invocations
  8272 | D:9      | Reached ***** piety under Okawaru
  8273 | D:9      | Reached XP level 11. HP: 85/95 MP: 10/13
  8433 | D:9      | Noticed a two-headed ogre
  8442 | D:9      | Killed a two-headed ogre
  8550 | D:10     | Entered Level 10 of the Dungeon
  8664 | D:10     | Reached skill level 12 in Axes
  8676 | D:10     | Received a gift from Okawaru
  8767 | D:10     | Found a flagged portal.
  8791 | Bailey   | Entered a bailey
  8942 | Bailey   | Noticed an orc knight
  8980 | Bailey   | Killed an orc knight
  9089 | Bailey   | Found a large runed translucent door.
  9089 | Bailey   | Found a large runed translucent door.
  9111 | Bailey   | Noticed a deep elf pyromancer
  9139 | Bailey   | Killed a deep elf pyromancer
  9149 | Bailey   | Identified the ring of Intercession {rPois Str+2}
  9640 | D:11     | Reached ****** piety under Okawaru
  9697 | D:11     | Noticed an eight-headed hydra
  9715 | D:11     | Killed a six-headed hydra
  9753 | D:11     | Noticed an orc knight
  9754 | D:11     | Noticed a boulder beetle
  9758 | D:11     | Noticed a wolf spider
  9761 | D:11     | Noticed a skeletal warrior
  9763 | D:11     | Noticed a deep elf pyromancer
 10011 | Lair:1   | Entered Level 1 of the Lair of Beasts
 10030 | Lair:1   | Noticed a boulder beetle
 10039 | Lair:1   | Killed a boulder beetle
 10039 | Lair:1   | Identified the +13 crystal plate armour of Mumblety Peg
                  | {rF- Will+++ rCorr} (Okawaru gifted it to you on level 1 of
                  | the Lair of Beasts)
 10039 | Lair:1   | Received a gift from Okawaru
 10100 | Lair:1   | Reached skill level 13 in Axes
 10106 | Lair:1   | Reached skill level 10 in Armour
 10106 | Lair:1   | Reached XP level 12. HP: 106/106 MP: 13/15
 10137 | Lair:1   | Noticed a four-headed hydra
 10143 | Lair:1   | Killed a one-headed hydra
 10144 | Lair:1   | Reached skill level 10 in Fighting
 10263 | Lair:1   | Reached skill level 10 in Shields
 11134 | Lair:2   | Noticed Amaemon
 11150 | Lair:2   | Killed Amaemon
 11266 | Lair:2   | Reached skill level 14 in Axes
 11368 | Lair:2   | Noticed Fannar
 11382 | Lair:2   | Killed Fannar
 11562 | Lair:2   | Noticed a boulder beetle
 11596 | Lair:2   | Killed a boulder beetle
 11598 | Lair:2   | Received a gift from Okawaru
 11613 | Lair:2   | Identified a scroll of acquirement
 11613 | Lair:2   | Acquired the +0 buckler "Ryghegafo" {rPois Str+7 Int+3}
 11794 | Lair:2   | Reached skill level 16 in Axes
 11794 | Lair:2   | Reached XP level 13. HP: 115/115 MP: 17/17
 11932 | Lair:3   | Reached XP level 14. HP: 100/124 MP: 18/18
 12340 | Lair:3   | Found a hole to the Spider Nest.
 12626 | Lair:3   | Found a staircase to the Swamp.
 12747 | Lair:4   | Identified the +3 plate armour of Neduewne {rElec Dex+4}
                  | (Okawaru gifted it to you on level 4 of the Lair of Beasts)
 12747 | Lair:4   | Received a gift from Okawaru
 12749 | Lair:4   | Reached skill level 17 in Axes
 12751 | Lair:4   | Reached skill level 10 in Dodging
 12953 | Lair:4   | Identified the +4 falchion of Gelohou {protect, Int+2
                  | Dex+4}
 13090 | Lair:4   | Found a runed translucent door.
 13092 | Lair:4   | Noticed Aviak's ghost (journeyman FoFi)
 13695 | Lair:4   | Killed Aviak's ghost
 13722 | Lair:5   | Entered Level 5 of the Lair of Beasts
 14040 | Lair:5   | Noticed Rupert
 14057 | Lair:5   | Killed Rupert
 14113 | Lair:5   | Identified the +7 broad axe "Xosses" {drain, *Rage +Blink
                  | Str+4 Dex+2} (Okawaru gifted it to you on level 5 of the
                  | Lair of Beasts)
 14113 | Lair:5   | Received a gift from Okawaru
 14179 | Lair:5   | Reached XP level 15. HP: 92/133 MP: 18/20
 14254 | Lair:5   | Reached skill level 18 in Axes
 14563 | Lair:5   | Found a corrupted altar of Lugonu.
 14563 | Lair:5   | Found a one-way gate to the infinite horrors of the Abyss.
 14803 | Lair:5   | Found a viscous altar of Jiyva.
 14907 | Lair:5   | Found a staircase to the Slime Pits.
 14920 | Lair:5   | Identified the +0 pair of gloves "Denichegh" {Int+2}
                  | (Okawaru gifted it to you on level 5 of the Lair of Beasts)
 14920 | Lair:5   | Received a gift from Okawaru
 15141 | Lair:5   | Identified the +10 hand axe "Senlisor" {vorpal, rF- Int+6}
 15732 | D:11     | Identified the ring "Tiaseoq" {Will+ rCorr}
 15764 | D:11     | Identified the amulet of Dunk {Reflect -Tele Fragile Str+8
                  | SH+5 SInv}
 16326 | D:12     | Found a staircase to the Orcish Mines.
 16597 | D:13     | Reached skill level 19 in Axes
 16602 | D:13     | Found a gate leading to a gauntlet.
 16611 | Gauntlet | Entered a Gauntlet
 16611 | Gauntlet | Found a transporter.
 16611 | Gauntlet | Found a transporter.
 16612 | Gauntlet | Found a transporter.
 16614 | Gauntlet | Found a transporter.
 16615 | Gauntlet | Found a transporter.
 16625 | Gauntlet | Found a transporter.
 16691 | Gauntlet | Found a transporter.
 16701 | Gauntlet | Found a transporter.
 16716 | Gauntlet | Found a transporter.
 16726 | Gauntlet | Found a transporter.
 16741 | Gauntlet | Found a transporter.
 16747 | Gauntlet | Found a transporter.
 16870 | Gauntlet | Received a gift from Okawaru
 16890 | Gauntlet | Got Zauthuxi's Book of Beguiling
 17023 | D:13     | You fall into a shaft and drop 1 floor!
 17488 | D:14     | Reached skill level 10 in Invocations
 17618 | D:14     | Found a gate to the Vaults.
 17626 | D:14     | Reached XP level 16. HP: 131/144 MP: 19/22
 17709 | D:14     | Noticed Josephine
 17723 | D:14     | Identified the +1 scale mail of the Stars {Harm Will++}
                  | (Okawaru gifted it to you on level 14 of the Dungeon)
 17723 | D:14     | Received a gift from Okawaru
 17724 | D:14     | Killed Josephine
 17849 | D:14     | Noticed Nessos
 17855 | D:14     | Noticed Jorgrun
 17858 | D:14     | Killed Nessos
 17869 | D:14     | Killed Jorgrun
 18422 | D:14     | Got Nomoij's Compendium of the Molten Wayfarer
 18523 | D:15     | Entered Level 15 of the Dungeon
 18657 | D:15     | Found a staircase to the Depths.
 19083 | D:15     | Found a white marble altar of Elyvilon.
 19083 | D:15     | Found a glowing silver altar of Zin.
 19084 | D:15     | Found a glowing golden altar of the Shining One.
 19614 | D:15     | Reached skill level 20 in Axes
 19790 | Orc:1    | Entered Level 1 of the Orcish Mines
 19791 | Orc:1    | Upgraded the game from 0.29-a0-901-g46a8461d6a to
                  | 0.29-a0-911-g88e6f02907
 20038 | Orc:2    | Entered Level 2 of the Orcish Mines
 20131 | Orc:2    | Found a burning altar of Makhleb.
 20201 | Orc:2    | Found Roynefrit's Magic Scroll Shop.
 20212 | Orc:2    | Found Cill's General Store.
 20228 | Orc:2    | Reached skill level 15 in Armour
 20253 | Orc:2    | Bought a scroll of teleportation for 48 gold pieces
 20267 | Orc:2    | Bought a scroll of acquirement for 884 gold pieces
 20267 | Orc:2    | Bought a scroll of teleportation for 51 gold pieces
 20267 | Orc:2    | Bought a scroll of blinking for 127 gold pieces
 20267 | Orc:2    | Bought a scroll of fear for 68 gold pieces
 20268 | Orc:2    | Acquired a manual of Dodging
 20318 | Orc:2    | Received a gift from Okawaru
 20639 | Orc:2    | Identified the +1 plate armour of Avel {rPois Str+8}
                  | (Okawaru gifted it to you on level 2 of the Orcish Mines)
 20639 | Orc:2    | Received a gift from Okawaru
 20876 | Orc:2    | Found a transporter.
 20931 | Orc:2    | Noticed Vorhees's ghost (journeyman DgEE)
 20943 | Orc:2    | Found a transporter.
 20995 | Orc:2    | Found a staircase to the Elven Halls.
 21177 | Orc:2    | Found Hereith's Book Shoppe.
 21177 | Orc:2    | Found a one-way gate leading to the halls of Pandemonium.
 21177 | Orc:2    | Found Goorch's Antique Armour Emporium.
 21181 | Orc:2    | Bought a pair of brightly glowing gloves for 361 gold
                  | pieces
 21181 | Orc:2    | Identified the +0 pair of gloves "Cean" {-Tele rPois Dex+7}
                  | (You bought it in a shop on level 2 of the Orcish Mines)
 21298 | Orc:2    | Killed Vorhees's ghost
 21802 | Swamp:1  | Entered Level 1 of the Swamp
 21867 | Swamp:1  | Reached XP level 17. HP: 97/154 MP: 14/24
 22300 | Swamp:1  | Noticed Kirke
 22344 | Swamp:1  | Killed Kirke
 22928 | Swamp:2  | Noticed Louise
 22945 | Swamp:2  | Killed Louise
 23622 | Swamp:2  | Reached skill level 21 in Axes
 24093 | Swamp:2  | Found a runed translucent door.
 24171 | Swamp:2  | Identified the +1 kite shield of the Battered Visions
                  | {Contam rElec SInv} (Okawaru gifted it to you on level 2 of
                  | the Swamp)
 24171 | Swamp:2  | Received a gift from Okawaru
 25152 | Swamp:2  | Reached skill level 15 in Fighting
 25606 | Swamp:2  | Reached skill level 15 in Shields
 26940 | Swamp:4  | Entered Level 4 of the Swamp
 27071 | Swamp:4  | Received a gift from Okawaru
 27081 | Swamp:4  | Reached XP level 18. HP: 138/163 MP: 24/26
 27113 | Swamp:4  | Reached skill level 15 in Dodging
 27320 | Swamp:4  | Noticed the 27-headed Lernaean hydra
 27331 | Swamp:4  | Killed the 22-headed Lernaean hydra
 27331 | Swamp:4  | Received a gift from Okawaru
 27332 | Swamp:4  | Reached skill level 22 in Axes
 27357 | Swamp:4  | Got a decaying rune of Zot
 27810 | Spider:1 | Entered Level 1 of the Spider Nest
 28007 | Spider:1 | Noticed Frances
 28009 | Spider:1 | Noticed Roxanne
 28026 | Spider:1 | Killed Frances
 28049 | Spider:1 | Killed Roxanne
 28770 | Spider:2 | Noticed Arachne
 28786 | Spider:2 | Killed Arachne
 29428 | Spider:3 | Identified the +0 plate armour "Umoewier" {rF+} (Okawaru
                  | gifted it to you on level 3 of the Spider Nest)
 29428 | Spider:3 | Received a gift from Okawaru
 29519 | Spider:3 | Identified the +4 broad axe "Ygerefob" {freeze, rF+}
 30316 | Spider:4 | Entered Level 4 of the Spider Nest
 30545 | Spider:3 | Reached XP level 19. HP: 74/156 MP: 17/27
 30832 | Spider:4 | Reached skill level 23 in Axes
 31016 | Spider:4 | Received a gift from Okawaru
 31613 | Spider:4 | Got a gossamer rune of Zot
 31947 | Vaults:1 | Entered Level 1 of the Vaults
 32471 | Vaults:1 | Noticed Aizul
 32484 | Vaults:1 | Killed Aizul
 33073 | Vaults:2 | Received a gift from Okawaru
 33247 | Vaults:2 | Found a staircase to the Crypt.
 33247 | Vaults:2 | Found an ancient bone altar of Kikubaaqudgha.
 33247 | Vaults:2 | Found a basalt altar of Yredelemnul.
 33452 | Vaults:2 | Identified the +4 hand axe of Mauling Certain Death
                  | {vorpal, rPois rN+} (Okawaru gifted it to you on level 2 of
                  | the Vaults)
 33452 | Vaults:2 | Received a gift from Okawaru
 34241 | Vaults:3 | Reached XP level 20. HP: 165/184 MP: 29/29
 34251 | Vaults:3 | Identified the +0 hat "Duklerew" {Int+4 SInv} (Okawaru
                  | gifted it to you on level 3 of the Vaults)
 34251 | Vaults:3 | Received a gift from Okawaru
 34258 | Vaults:3 | Reached skill level 24 in Axes
 34637 | Vaults:3 | HP: 5/184 [orc warrior/+0 trident (15)]
 34862 | Vaults:3 | Found a portal to a secret trove of treasure.
 35429 | Vaults:3 | Identified the +2 pair of boots of Unambiguity {+Inv rPois
                  | Regen+} (Okawaru gifted it to you on level 3 of the Vaults)
 35429 | Vaults:3 | Received a gift from Okawaru
 36119 | Vaults:4 | Reached skill level 25 in Axes
 36120 | Vaults:4 | Reached XP level 21. HP: 190/194 MP: 30/30
 36479 | Vaults:4 | Identified the +10 hand axe of Okawaru's Envy {venom,
                  | Str+3} (Okawaru gifted it to you on level 4 of the Vaults)
 36479 | Vaults:4 | Received a gift from Okawaru
 36556 | Vaults:4 | Noticed Donald
 36567 | Vaults:4 | Killed Donald
 37095 | Crypt:1  | Entered Level 1 of the Crypt
 37427 | Crypt:1  | Received a gift from Okawaru
 37912 | Crypt:2  | Noticed Grunn
 37919 | Arena    | Entered the Arena
 38116 | Crypt:1  | Received a gift from Okawaru
 38308 | Crypt:1  | Killed Grunn
 38340 | Crypt:2  | Reached skill level 15 in Invocations
 38585 | Crypt:2  | Noticed Vv
 38586 | Crypt:2  | Noticed Xtahua
 38649 | Crypt:1  | Found an ancient bone altar of Kikubaaqudgha.
 38797 | Arena    | Entered the Arena
 38811 | Arena    | Killed Xtahua
 38848 | Crypt:2  | Killed Vv
 39118 | Crypt:2  | Noticed an ancient lich
 39125 | Crypt:2  | Killed an ancient lich
 39126 | Crypt:2  | Reached skill level 26 in Axes
 39202 | Crypt:3  | Entered Level 3 of the Crypt
 39268 | Crypt:2  | Reached XP level 22. HP: 204/204 MP: 32/32
 39725 | Crypt:3  | Identified the +3 ring mail of Okawaru's Whim {rF+}
                  | (Okawaru gifted it to you on level 3 of the Crypt)
 39725 | Crypt:3  | Received a gift from Okawaru
 39979 | Crypt:3  | Identified the ring "Puamoy" {rElec rN+ Will+}
 39979 | Crypt:3  | Identified the ring "Zuofuxim" {rN+ Dex+2}
 40135 | Crypt:3  | Identified the +9 halberd of Somewhere Else {chaos, rElec
                  | Will+}
 40210 | Crypt:3  | Identified the +5 dire flail of the Vulture {flame, Dex+5
                  | SInv}
 40930 | Crypt:3  | Found a staircase to the Tomb.
 41356 | Depths:1 | Entered Level 1 of the Depths
 41356 | Depths:1 | Noticed Nikola
 41356 | Depths:1 | Noticed the Enchantress
 41385 | D:15     | Killed the Enchantress
 41426 | Depths:1 | Noticed Bai Suzhen
 41456 | D:15     | Killed Bai Suzhen
 41632 | D:15     | Killed Nikola
 41662 | D:15     | Identified the +1 pair of gloves of Midwinter {*Slow rElec
                  | rN+} (Okawaru gifted it to you on level 15 of the Dungeon)
 41662 | D:15     | Received a gift from Okawaru
 41777 | Depths:1 | Identified the +1 kite shield of the Bulwark {Will+ Dex+3}
 41777 | Depths:1 | Noticed Asterion
 41790 | Depths:1 | Killed Asterion
 41868 | Depths:1 | Noticed a caustic shrike
 41902 | Depths:1 | Killed a caustic shrike
 41917 | Depths:1 | Noticed a juggernaut
 41935 | Depths:1 | Killed a juggernaut
 41936 | Depths:1 | Reached skill level 27 in Axes
 42021 | Depths:1 | Identified the +7 whip of the Winnowing Traitor {vorpal,
                  | rPois Int+2 Dex+4}
 42117 | Depths:1 | Found Roniar's Book Shop.
 42119 | Depths:1 | Reached XP level 23. HP: 189/210 MP: 32/34
 42139 | Depths:1 | Bought a manual of Shields for 1600 gold pieces
 42183 | Depths:1 | Found a runed translucent door.
 42300 | Depths:1 | Found a gateway to Hell.
 42841 | Depths:2 | Noticed a dread lich
 42864 | Depths:2 | Identified the +7 plate armour "Maez" {rElec rPois Dex+3}
                  | (Okawaru gifted it to you on level 2 of the Depths)
 42864 | Depths:2 | Received a gift from Okawaru
 42865 | Depths:2 | Killed a dread lich
 42941 | Depths:2 | Got the Compendium of the Dead
 43056 | Depths:2 | You fall into a shaft and drop 1 floor!
 43198 | Depths:2 | Found a one-way gateway to a ziggurat.
 43353 | Depths:2 | Noticed a caustic shrike
 43358 | Depths:2 | Killed a caustic shrike
 43684 | Depths:2 | Received a gift from Okawaru
 44012 | Depths:3 | Found a corrupted altar of Lugonu.
 44047 | Depths:3 | Found Vihimn's Jewellery Emporium.
 44048 | Depths:3 | Found Siaf's Antique Armour Shop.
 44120 | Depths:3 | Found Lihur's Jewellery Shop.
 44452 | Depths:3 | Reached XP level 24. HP: 226/226 MP: 34/34
 44563 | Depths:3 | Found a shimmering blue altar of Sif Muna.
 44610 | Depths:3 | Noticed an ancient lich
 44612 | Depths:3 | Noticed an ancient lich
 44621 | Depths:3 | Killed an ancient lich
 44623 | Depths:3 | Killed an ancient lich
 44663 | Depths:3 | Got the Secrets of Abstinence
 44689 | Depths:3 | Got the Teachings on Beguiling and Vitiation
 44750 | Depths:3 | Identified the amulet of Reuzen {Faith +Blink Regen+
                  | Stlth-}
 44888 | Depths:3 | Identified the +0 hat "Fuuqiunn" {+Inv Dex+4} (Okawaru
                  | gifted it to you on level 3 of the Depths)
 44888 | Depths:3 | Received a gift from Okawaru
 45308 | Depths:4 | Entered Level 4 of the Depths
 45868 | Depths:4 | Found Rynaso's Jewellery Emporium.
 45868 | Depths:4 | Found Zuogag's Book Shop.
 45869 | Depths:4 | Found Lilifoa's Jewellery Emporium.
 45875 | Depths:4 | Bought the ring of Xom's Capriciousness {Contam rElec rPois
                  | rC+++ Int+6} for 1170 gold pieces
 46078 | Depths:4 | Found a gate to the Realm of Zot.
 46568 | Elf:1    | Entered Level 1 of the Elven Halls
 46584 | Elf:1    | Found a radiant altar of Vehumet.
 46740 | Elf:1    | Found Homafil's Armour Emporium.
 46792 | Elf:1    | Received a gift from Okawaru
 46792 | Elf:1    | Found the +8 mithril axe "Arga" {speed, Will+}
 47110 | Elf:1    | Identified the +10 shortbow of the Silent Majority {speed,
                  | Int+4 Dex+4}
 47574 | Elf:2    | Paralysed by an air elemental for 1 turns
 47576 | Elf:2    | Paralysed by an air elemental for 1 turns
 47651 | Elf:2    | Found a runed translucent gate.
 47651 | Elf:2    | Found a runed translucent gate.
 47652 | Elf:2    | Found a runed translucent gate.
 48051 | Elf:2    | Identified the +6 chain mail "Icuazoga" {Will+ Int+5}
                  | (Okawaru gifted it to you on level 2 of the Elven Halls)
 48051 | Elf:2    | Received a gift from Okawaru
 48052 | Elf:2    | Reached XP level 25. HP: 238/238 MP: 35/35
 48058 | Elf:2    | Acquired the ring "Ubobopn" {Will+ Str+4 Slay+4}
 48140 | Elf:3    | Entered Level 3 of the Elven Halls
 48672 | Elf:3    | Identified the ring of the Ladybird {rElec rN+}
 48810 | Elf:3    | Identified the +8 chain mail "Vuzoibit" {rF+ Regen+}
 48820 | Elf:3    | Identified the +5 morningstar of Vymimn {distort, rC+
                  | Int+4}
 48822 | Elf:3    | Identified the ring "Humpiylyv" {rF- rN+ Will+ Dex+3 SInv}
 48853 | Elf:3    | Identified the ring "Wounn" {rF+ rN+ SInv}
 48878 | Elf:3    | Identified the +6 quarterstaff of Dinupo {flame, Drain
                  | +Blink Str+7 Int+3}
 48879 | Elf:3    | Identified the ring "Kanoz" {rElec rC- Will+ rCorr Int+2}
 48887 | Elf:3    | Got the Parchment of Charming Embers
 48920 | Elf:3    | Identified the +6 glaive of Festooned Valour {holy, rElec
                  | rPois Will-}
 49450 | Vaults:5 | Entered Level 5 of the Vaults
 49450 | Vaults:5 | Noticed Saint Roka
 49706 | Vaults:4 | Received a gift from Okawaru
 49969 | Vaults:5 | Killed Saint Roka
 50033 | Vaults:5 | Found the macabre finger necklace {rN+}
 51093 | Vaults:5 | Identified the +3 short sword of Nemelex Xobeh, Leaping
                  | {antimagic, *Rage rC+ Str+4}
 51100 | Vaults:5 | Identified the +7 quarterstaff "Embalmer" {flame, Fragile
                  | rPois rF+}
 51105 | Vaults:5 | Reached XP level 26. HP: 199/250 MP: 35/35
 51141 | Vaults:5 | Got a silver rune of Zot
 51151 | Vaults:5 | Identified the +1 ring mail "Mawkalih" {rElec rPois rN+}
 51674 | Slime:1  | Entered Level 1 of the Pits of Slime
 51680 | Slime:1  | Gained mutation: Your body sometimes deteriorates upon
                  | taking damage. [a shining eye]
 51924 | Slime:2  | Gained mutation: You sometimes lose your temper in combat.
                  | [a shining eye]
 51925 | Slime:2  | Gained mutation: You are clumsy. (Dex -2) [a shining eye]
 51928 | Slime:2  | Gained mutation: You are occasionally teleported next to
                  | monsters. [a shining eye]
 53177 | Slime:3  | Received a gift from Okawaru
 53285 | Slime:5  | Entered Level 5 of the Pits of Slime
 53378 | Slime:5  | Noticed the Royal Jelly
 53388 | Slime:5  | Gained mutation: You are partially covered in large bone
                  | plates. (SH +4) [a shining eye]
 53391 | Slime:5  | Gained mutation: You are frail. (-10% HP) [a shining eye]
 53500 | Slime:5  | Found a viscous altar of Jiyva.
 53613 | Slime:5  | Killed the Royal Jelly
 53667 | Slime:5  | Got a slimy rune of Zot
 53688 | Slime:5  | Got the Parchment of Numb Poisoning
 53760 | Slime:5  | Lost mutation: Your body sometimes deteriorates upon taking
                  | damage. [potion of mutation]
 53760 | Slime:5  | Lost mutation: You are clumsy. (Dex -2) [potion of
                  | mutation]
 53760 | Slime:5  | Lost mutation: You sometimes lose your temper in combat.
                  | [potion of mutation]
 53760 | Slime:5  | Gained mutation: You occasionally lose the ability to drink
                  | potions when taking damage. [potion of mutation]
 53760 | Slime:5  | Gained mutation: You have a pair of large horns on your
                  | head. [potion of mutation]
 53760 | Slime:5  | Gained mutation: Your natural rate of healing is unusually
                  | fast. [potion of mutation]
 53761 | Slime:5  | Lost mutation: You have a pair of large horns on your head.
                  | [potion of mutation]
 53761 | Slime:5  | Lost mutation: You occasionally lose the ability to drink
                  | potions when taking damage. [potion of mutation]
 53761 | Slime:5  | Gained mutation: You have a pair of large horns on your
                  | head. [potion of mutation]
 53762 | Slime:5  | Lost mutation: Your natural rate of healing is unusually
                  | fast. [potion of mutation]
 53762 | Slime:5  | Lost mutation: You are partially covered in large bone
                  | plates. (SH +4) [potion of mutation]
 53762 | Slime:5  | Gained mutation: Your mind is acute. (Int +4, Str/Dex -1)
                  | [potion of mutation]
 53762 | Slime:5  | Gained mutation: You occasionally lose the ability to drink
                  | potions when taking damage. [potion of mutation]
 53762 | Slime:5  | Gained mutation: You are agile. (Dex +4, Str/Int -1)
                  | [potion of mutation]
 53762 | Slime:5  | Gained mutation: Your mind is very acute. (Int +8, Str/Dex
                  | -2) [potion of mutation]
 53763 | Slime:5  | Lost mutation: Your mind is very acute. (Int +8, Str/Dex
                  | -2) [potion of mutation]
 53763 | Slime:5  | Lost mutation: You are frail. (-10% HP) [potion of
                  | mutation]
 53763 | Slime:5  | Lost mutation: You have a pair of large horns on your head.
                  | [potion of mutation]
 53763 | Slime:5  | Gained mutation: Your natural rate of healing is unusually
                  | fast. [potion of mutation]
 53763 | Slime:5  | Gained mutation: You expend magic power (3 MP) to
                  | strengthen your wands. [potion of mutation]
 53764 | Slime:5  | Lost mutation: You are agile. (Dex +4, Str/Int -1) [potion
                  | of mutation]
 53764 | Slime:5  | Lost mutation: You occasionally lose the ability to drink
                  | potions when taking damage. [potion of mutation]
 53764 | Slime:5  | Lost mutation: You expend magic power (3 MP) to strengthen
                  | your wands. [potion of mutation]
 53764 | Slime:5  | Gained mutation: You passively dampen the noise of your
                  | surroundings. [potion of mutation]
 53765 | Slime:5  | Lost mutation: You are occasionally teleported next to
                  | monsters. [potion of mutation]
 53765 | Slime:5  | Lost mutation: Your mind is acute. (Int +4, Str/Dex -1)
                  | [potion of mutation]
 53765 | Slime:5  | Gained mutation: You occasionally lose the ability to drink
                  | potions when taking damage. [potion of mutation]
 53765 | Slime:5  | Gained mutation: Your spells are a little harder to cast,
                  | but a little more powerful. [potion of mutation]
 53766 | Slime:5  | Lost mutation: Your natural rate of healing is unusually
                  | fast. [potion of mutation]
 53766 | Slime:5  | Lost mutation: You passively dampen the noise of your
                  | surroundings. [potion of mutation]
 53767 | Slime:5  | Lost mutation: You occasionally lose the ability to drink
                  | potions when taking damage. [potion of mutation]
 53767 | Slime:5  | Lost mutation: Your spells are a little harder to cast, but
                  | a little more powerful. [potion of mutation]
 53767 | Slime:5  | Gained mutation: Potions are less effective at restoring
                  | your health. [potion of mutation]
 53767 | Slime:5  | Gained mutation: You expend magic power (3 MP) to
                  | strengthen your wands. [potion of mutation]
 53791 | Slime:5  | Identified the +2 arbalest "Orb Guardian's Foe" {freeze,
                  | Int+2}
 53801 | Slime:5  | Identified the +1 mace of the Equinox {vamp, rF+ Dex+2
                  | Stlth+}
 54465 | Vaults:3 | You showed the slimy rune of Zot to enter a treasure trove
 54466 | Trove    | Entered a treasure trove
 54468 | Trove    | Found the +3 woodcutter's axe {vorpal}
 54476 | Trove    | Identified the +10 lajatang of Prudence {vorpal, rElec
                  | Dex+2}
 54477 | Trove    | Identified the +5 broad axe "Plog" {pain, rElec rPois rC+
                  | rCorr}
 54479 | Trove    | Identified the +5 broad axe of Beddac {holy, Int+2}
 54675 | Zot:1    | Entered Level 1 of the Realm of Zot
 54701 | Zot:1    | Paralysed by a Zot trap for 2 turns
 55523 | Zot:1    | Identified the +7 executioner's axe "Rainliwk" {venom,
                  | rElec Int+7} (Okawaru gifted it to you on level 1 of the
                  | Realm of Zot)
 55523 | Zot:1    | Received a gift from Okawaru
 55780 | Zot:2    | Found a runed translucent gate.
 55780 | Zot:2    | Found a runed translucent gate.
 55780 | Zot:2    | Found a runed translucent gate.
 56605 | Zot:2    | Reached XP level 27. HP: 261/261 MP: 36/36
 56707 | Zot:2    | Noticed Meskin's ghost (legendary DjCj)
 56708 | Zot:2    | Noticed Rarotz's ghost (legendary DjCj)
 56709 | Zot:2    | Noticed Kaphap's ghost (legendary GrBe)
 56966 | Zot:2    | Received a gift from Okawaru
 57218 | Zot:2    | Killed Meskin's ghost
 57234 | Zot:2    | Killed Rarotz's ghost
 57238 | Zot:2    | Killed Kaphap's ghost
 57244 | Zot:2    | Identified the ring of Haso {rF++ Will+ Str-2 Int+6 SInv}
 58400 | Zot:3    | Received a gift from Okawaru
 58852 | Zot:4    | HP: 7/264 [purple draconian/bolt of dispelling energy[a
                  | yellow draconian annihilator] (28)]
 58853 | Zot:4    | Killed from afar by a black draconian

Illustrated notes

Levels and vault maps discovered:
D:1:      shiori_arrival_oz, layout_loops_ring, basic_ecumenical_altar,
          dk_noncrumbling_3
D:2:      layout_loops_ring, serial_aquarium, aquarium_bridge_island_large
          [aquarium_subvault_large_water, aquarium_subvault_window,
          aquarium_subvault_balcony, aquarium_subvault_window,
          aquarium_subvault_bridge], aquarium_window_1, aquarium_window_1,
          aquarium_window_corridor_3, aquarium_window_1, aquarium_view_2b,
          aquarium_view_2d, grunt_ministairs_2, columned_hall_lemuel
D:3:      minmay_roachtagon, layout_basic, minitemple, uniq_jessica
D:4:      layout_gridville, minmay_ruptured, uniq_edmund
D:5:      layout_basic, grunt_dithmenos_shadows, okawaru_ov_weapons_minmay,
          ebering_ghost_gozag
D:6:      layout_basic, gammafunk_temple_overflow_claw, hex_medium
D:7:      layout_basic, minmay_temple_entry_grid, chequers_serial_rivers_small_a
D:8:      layout_loops_ring, chequers_serial_rivers_small_a, eino_tiny_chamber,
          kennysheep_potato, uniq_erica
D:9:      layout_loops_cross, dpeg_lair_monsters, minivault_4
D:10:     layout_basic, enter_bailey_4, kennysheep_crisscross
D:11:     minmay_the_grid_octo_tiled_octocenter_mashed
          [minmay_the_grid_octo_toaster, minmay_the_grid_octo_tetromino_candy,
          minmay_the_grid_octo_77, minmay_the_grid_octo_checkerflower,
          minmay_the_grid_octo_prize_ultimate_mussel_roller,
          minmay_the_grid_square_5x5_checkered_sparse,
          minmay_the_grid_square_5x5_bite,
          minmay_the_grid_square_5x5_doubleslash,
          minmay_the_grid_square_5x5_dogpile], layout_rooms,
          kennysheep_just_a_vault
D:12:     layout_long_grid, hiddenorc1_lemuel
D:13:     layout_cave_pools, gauntlet_entry_generic
D:14:     layout_irregular_city, lightli_vaults_fourway_checkpoint,
          nrook_pool_corridor, uniq_jorgrun, uniq_josephine, uniq_nessos
D:15:     gammafunk_depths_entry_grave, layout_grid_maze, good_gods_temple_1
Lair:1:   layout_hall_layers, kennysheep_abandoned_house
Lair:2:   layout_concentric_octagons, grunt_megastairs_3, serial_bayou_shore_b,
          infiniplex_staircase_pool_2, uniq_amaemon, uniq_fannar
Lair:3:   layout_gridlike, nicolae_swamp_entry_splash_gauntlet,
          nicolae_spider_entry_non_spiders, beast_lair_carwin_1
Lair:4:   layout_layer_cave, gammafunk_ghost_grave, infiniplex_staircase_pool,
          lemuel_fruit_tree, grunt_megastairs_4, lemuel_fruit_fields
Lair:5:   hellmonk_lair_end_abyssal_woods, layout_cave_pods,
          minmay_slime_entry_oklob_enclosed, st_stairs_8, uniq_rupert
Swamp:1:  layout_basic_swamp, evilmike_swamp_ruin_house_4,
          nicolae_swamp_drake_lake, uniq_kirke
Swamp:2:  cheibrodos_swamp_mausoleum, layout_basic_swamp,
          evilmike_swamp_ruin_rubble_1, swamp_pool1, nzn_swamp_weyward_sisters,
          uniq_louise
Swamp:3:  layout_basic_swamp, nicolae_swamp_dense_foliage
Swamp:4:  grunt_swamp_rune_castle, layout_basic_swamp, swamp_pool2,
          evilmike_swamp_ruin_house_1
Spider:1: layout_spider_delve, nicolae_spider_undead_wolf_pack, uniq_frances,
          uniq_roxanne
Spider:2: layout_spider_delve, hangedman_spider_tarantella_strand, uniq_arachne
Spider:3: layout_spider_delve, nicolae_spider_cling_ruins,
          nicolae_spider_checkerboard
Spider:4: grunt_spider_rune_circles
Slime:1:  layout_caves
Slime:2:  layout_caves
Slime:3:  layout_caves
Slime:4:  cheibrodos_slime_lost_civilization_9, layout_caves
Slime:5
Orc:1:    layout_caves, basic_altar
Orc:2:    pf_orc_diabolical, layout_caves, basic_altar,
          gammafunk_ghost_berserking_beasts, library_closet
Elf:1:    eino_elf_arrival_altar, layout_geoelf_octagon, serial_shops, shop,
          minmay_elf_crystal_hexagon
Elf:2:    elven_hall_of_blades_hangedman_original [nicolae_blade_bullseye],
          layout_loops_ring
Elf:3:    minmay_elf_hall_circle, layout_geoelf_grid, minivault_27
Vaults:1: v_rooms_4, nicolae_vaults_little_squares_6,
          nicolae_vaults_bisected_slash, nicolae_vaults_three_branches,
          v_misc_9, ontoclasm_vaults_chip, hangedman_vaults_stretched_pinwheel,
          nicolae_vaults_mini_display_case, layout_vaults_big_room, uniq_aizul
Vaults:2: minmay_crypt_entry_necro_gods, ontoclasm_vaults_chip, v_alt_pattern_5,
          nicolae_vaults_big_angled_halls, vaults_standard_mumra_lines,
          serial_ice_h, v_misc_15, vaults_dpeg_cross, vaults_room_octagon,
          st_more_cells, ontoclasm_vaults_claustrophobia, vaults_dpeg_ring,
          layout_vaults_ring
Vaults:3: grunt_vaults_trifunnel, hangedman_vaults_corner,
          nicolae_vaults_big_ls, vaults_dpeg_encased_lava,
          ontoclasm_vaults_chip, special_room_vaults [special_room_orc],
          v_rooms_5, vaults_room_semicircle, vaults_dpeg_diagonal,
          vaults_room_fours, layout_vaults_omnicross, enter_trove_5
Vaults:4: ontoclasm_vaults_fire_temple, nicolae_vaults_windows_and_doors_thing,
          ontoclasm_vaults_hangar, nicolae_vaults_disjoint_gnomons,
          nicolae_vaults_rhombus_6, v_misc_29, ontoclasm_vaults_ring_square,
          hangedman_vaults_trim, v_misc_22, vaults_room_fours,
          nicolae_vaults_gold_heap, nicolae_vaults_diagonal_hallway_7,
          v_pattern_3, layout_vaults_omnibox, uniq_donald
Vaults:5: uniq_saint_roka
Crypt:1:  layout_gridlike, grunt_ministairs_3, grunt_crypt_arrival_guarded_gate,
          lemuel_upstairs_altar
Crypt:2:  layout_gridlike, weyrava_lich_vault, uniq_xtahua, uniq_vv, uniq_grunn
Crypt:3:  due_elkab, layout_chaotic_city, nicolae_tomb_entry_grand_gallery
Depths:1: minmay_expanding_squares, layout_cave_pools, serial_shops,
          nicolae_lakefront_shop, hangedman_coc_ice_floe,
          lightli_church_of_beogh, uniq_nikola, uniq_enchantress,
          uniq_bai_suzhen, uniq_asterion
Depths:2: minmay_quantized_circle, layout_cave_shapes, enter_ziggurat_e,
          special_room [special_room_morgue], pf_vacation_house_of_asmodeus,
          pan_entry
Depths:3: evilmike_library_of_no_secrets, layout_cave_shapes,
          abyss_entry_flame_altar, serial_shops, shop, shop,
          kennysheep_little_box, serial_co_window_serial, co_window_corner_a,
          co_window_corner_a, co_window_paths_a, co_window_cross_1,
          co_window_paths_b, co_window_2corner, co_window_2corner,
          co_window_unsneaky_path_d, co_window_corner_b, co_window_paths_e,
          glass_columns_a, hell_entry, hellmonk_bongcloud_opening
Depths:4: grunt_zot_entry_tricorne, layout_cave_shapes,
          chequers_serial_rivers_small_a, grunt_pan_entry_spiral, hell_entry,
          minmay_shop_grove
Zot:1:    layout_onion, grunt_ministairs_7
Zot:2:    grunt_zot_stairs_overgrown, layout_cathedral_of_symmetry,
          gammafunk_ghost_cemetery, st_large_dragon_hoard_4
Zot:3:    layout_basic
Zot:4:    layout_misc_corridors, st_small_dragon_hoard_5

Skill      XL: |  1  2  3  4  5  6  7  8  9 10 11 12 13 14 15 16 17 18 19 20 21 22 23 24 25 26 27 |
---------------+----------------------------------------------------------------------------------+-----
Axes           | 3 4 5 6 8 10 11 13 16 17 19 20 21 22 23 25 26 27 | 27.0
Dodging        | 1 2 3 4 6 7 8 9 10 11 13 14 16 17 18 19 20 21 22 23 24 | 24.2
Armour         | 4 5 6 7 8 10 11 12 13 15 17 18 20 21 22 23 24 25 26 | 26.9
Shields        | 4 5 6 7 8 9 10 12 13 14 15 16 17 18 19 21 23 25 26 | 26.5
Fighting       | 4 5 6 7 8 9 10 11 12 13 14 15 16 17 18 19 20 22 23 24 | 24.8
Invocations    | 1 3 5 6 7 8 10 11 12 13 14 15 16 17 18 19 20 | 20.7

Action                   |  1- 3 |  4- 6 |  7- 9 | 10-12 | 13-15 | 16-18 | 19-21 | 22-24 | 25-27 || total
-------------------------+-------+-------+-------+-------+-------+-------+-------+-------+-------++-------
Melee: War axe           |    91 |   102 |   283 |   561 |   374 |     7 |       |       |       ||  1418
       Headbutt          |    14 |    15 |    52 |   136 |   198 |   359 |   478 |   545 |   599 ||  2396
       Broad axe         |       |       |       |       |   413 |  1401 |  1539 |  1840 |  1708 ||  6901
Invok: Heroism           |       |       |       |     1 |       |       |     3 |     1 |     1 ||     6
       Duel              |       |       |       |       |       |       |     2 |       |       ||     2
       Finesse           |       |       |       |       |       |       |       |       |     1 ||     1
Evoke: Wand              |       |       |       |     5 |       |       |    11 |       |     1 ||    17
       Condenser vane    |       |       |       |       |       |       |       |     1 |     1 ||     2
  Use: Potion            |       |     3 |       |     4 |     1 |     1 |    10 |     2 |    17 ||    38
       Scroll            |       |       |    22 |     8 |     5 |    11 |     3 |     7 |    14 ||    70
 Stab: Invisible         |       |       |       |     3 |       |       |       |       |     5 ||     8
       Distracted        |       |       |       |       |     1 |       |       |     1 |       ||     2
       Confused          |       |       |       |       |       |     2 |       |       |     2 ||     4
Armor: Scale mail        |    60 |    28 |    15 |       |       |       |       |       |       ||   103
       Plate armour      |       |       |    89 |   133 |       |       |       |       |       ||   222
       Crystal plate arm |       |       |       |   181 |   487 |  1213 |   845 |   753 |       ||  3479
       Gold dragon scale |       |       |       |       |       |       |       |   157 |   670 ||   827
Dodge: Dodged            |    49 |    70 |   118 |   200 |   317 |   776 |   664 |   755 |   628 ||  3577
Block: Buckler           |    19 |    14 |       |       |   241 |   601 |   269 |       |       ||  1144
       Kite shield       |       |    15 |   136 |   362 |       |       |   543 |  1320 |  1028 ||  3404

Table legend: (Time is in decaauts)
 A = Elapsed time spent in this place.
 B = Non-inter-level travel time spent in this place.
 C = Inter-level travel time spent in this place.
 D = Time resting spent in this place.
 E = Time spent auto-exploring this place.
 F = Levels seen in this place.
 G = Mean time per level.
                   A        B        C        D        E       F      G
               +--------+--------+--------+--------+--------+-----+--------+
         Total |  57309 |  52461 |   4848 |  10065 |  27811 |  59 |  971.3 |
       Dungeon |  14792 |  13536 |   1256 |   3130 |   7552 |  15 |  986.1 |
          Lair |   6500 |   5263 |   1237 |    697 |   3352 |   5 | 1300.0 |
         Swamp |   5453 |   5227 |    226 |   2408 |   1580 |   4 | 1363.2 |
   Spider Nest |   3803 |   3671 |    132 |    766 |   1949 |   4 |  950.8 |
    Slime Pits |   2305 |   2071 |    234 |    154 |   1329 |   5 |  461.0 |
  Orcish Mines |   1885 |   1641 |    244 |    467 |    763 |   2 |  942.5 |
   Elven Halls |   2394 |   2182 |    212 |     96 |   1448 |   3 |  798.0 |
        Vaults |   7036 |   6325 |    711 |    693 |   3826 |   5 | 1407.2 |
         Crypt |   3909 |   3754 |    155 |    792 |   1265 |   3 | 1303.0 |
        Depths |   4610 |   4330 |    280 |    368 |   2133 |   4 | 1152.5 |
           Zot |   3733 |   3576 |    157 |    301 |   2363 |   4 |  933.2 |
         Trove |     19 |     19 |      0 |      0 |      3 |   1 |   19.0 |
        Bailey |    442 |    442 |      0 |    182 |     82 |   1 |  442.0 |
      Gauntlet |    371 |    371 |      0 |      0 |    164 |   1 |  371.0 |
         Arena |     50 |     50 |      0 |      8 |      0 |   2 |   25.0 |
               +--------+--------+--------+--------+--------+-----+--------+

Top non-repeatable levels by time:
 Swamp:2: 3023 daAuts
 Crypt:3: 1806 daAuts
  Lair:5: 1794 daAuts
Vaults:4: 1745 daAuts
     D:8: 1651 daAuts
    D:14: 1592 daAuts
Vaults:3: 1552 daAuts
   Orc:2: 1506 daAuts
   Zot:2: 1497 daAuts
Vaults:2: 1479 daAuts
  Lair:3: 1432 daAuts
Depths:3: 1429 daAuts
  Lair:1: 1298 daAuts
Vaults:5: 1270 daAuts
Spider:3: 1242 daAuts
